 Dungeon Crawl Stone Soup version 0.23.2-40-g277498a001 (webtiles) character file.

Game seed: 17273057774340912496

6649 Emblim88 the Magician (level 11, -14/84 HPs)
             Began as a Gnoll Warper on Aug 26, 2019.
             Was a Plaything of Xom.
             Killed from afar by a yak (40 damage)
             ... with an exploding inner flame
             ... hexed by the player character
             ... on level 10 of the Dungeon.
             The game lasted 00:26:06 (10525 turns).

Emblim88 the Magician (Gnoll Warper)               Turns: 10525, Time: 00:26:07

Health: -14/84     AC:  7    Str: 11 (13) XL:     11   Next: 2%
Magic:  19/22      EV: 15    Int: 20      God:    Xom [.*....]
Gold:   864        SH:  0    Dex: 12 (14) Spells: 12/25 levels left

rFire    . . .     SeeInvis +   z - +2 long sword (drain)
rCold    . . .     Gourm    .   (no shield)
rNeg     . . .     Faith    .   p - +0 troll leather armour
rPois    .         Spirit   .   k - +0 helmet
rElec    .         Reflect  .   (no cloak)
rCorr    +         Harm     .   (no gloves)
MR       .....                  n - +0 pair of boots
Stlth    +++.......             w - amulet of rage
HPRegen  0.64/turn              q - +4 ring of intelligence
MPRegen  0.18/turn              m - ring of resist corrosion

@: shrouded
A: distributed training, fangs 1, hooves 1, see invisible, clumsy 2,
deterioration 1, strong nose
a: Renounce Religion, Evoke Berserk Rage


You were on level 10 of the Dungeon.
You worshipped Xom.
You were a plaything of Xom.
You were not hungry.

You visited 1 branch of the dungeon, and saw 10 of its levels.

You collected 864 gold pieces.

Inventory:

Hand Weapons
 g - a +1 short sword of venom
 l - a +4 mace of freezing
 s - a +0 spear of chaos
 z - a +2 long sword of draining (weapon)
 G - a +2 spear of freezing
Missiles
 c - 3 poisoned javelins
 e - 5 tomahawks of dispersal (quivered)
 h - 34 poisoned needles
 y - 3 needles of confusion
 B - 3 steel tomahawks
Armour
 k - a +0 helmet (worn)
 n - a +0 pair of boots (worn)
 p - a +0 troll leather armour (worn)
Jewellery
 i - an uncursed ring of fire
 m - a ring of resist corrosion (right hand)
 q - a +4 ring of intelligence (left hand)
 u - an uncursed ring of see invisible
 w - an amulet of rage (around neck)
Wands
 D - a wand of paralysis (10)
 E - a wand of acid (11)
 H - a wand of digging (4)
Scrolls
 a - a scroll of noise
 j - 12 scrolls of teleportation
 o - 2 scrolls of remove curse
 r - 2 scrolls of amnesia
 x - a scroll of magic mapping
 C - a scroll of immolation
 F - a scroll of torment
 L - a scroll of fog
Potions
 b - a potion of ambrosia {unknown}
 d - a potion of mutation
 t - a potion of haste
 v - 2 potions of agility
 A - a potion of lignification
 I - a potion of flight {unknown}
 K - a potion of curing
Comestibles
 f - 19 rations


   Skills:
 + Level 7.4 Fighting
 + Level 5.7 Short Blades
 + Level 7.4 Long Blades
 + Level 5.7 Axes
 + Level 5.7 Maces & Flails
 + Level 5.7 Polearms
 + Level 5.7 Staves
 + Level 5.7 Slings
 + Level 5.7 Bows
 + Level 5.7 Crossbows
 + Level 6.3 Throwing
 + Level 6.3 Armour
 + Level 7.4 Dodging
 + Level 5.7 Stealth
 + Level 5.7 Shields
 + Level 5.7 Unarmed Combat
 + Level 7.7 Spellcasting
 + Level 4.7 Conjurations
 + Level 4.7 Hexes
 + Level 4.7 Charms
 + Level 4.7 Summonings
 + Level 4.7 Necromancy
 + Level 7.3 Translocations
 + Level 4.7 Transmutations
 + Level 4.7 Fire Magic
 + Level 4.7 Ice Magic
 + Level 4.7 Air Magic
 + Level 4.7 Earth Magic
 + Level 4.7 Poison Magic
 + Level 6.3 Invocations
 + Level 5.7 Evocations


You had 12 spell levels left.
You knew the following spells:

 Your Spells              Type           Power        Failure   Level  Hunger
a - Blink                 Tloc           N/A          1%          2    None
b - Shroud of Golubria    Chrm/Tloc      ####......   1%          2    None
c - Teleport Other        Tloc           #####...     1%          3    None
d - Passage of Golubria   Tloc           N/A          5%          4    ###....
e - Confusing Touch       Hex            ####..       1%          1    None
f - Summon Small Mammal   Summ           ####         1%          1    None

Your spell library contained the following spells:

 Spells                   Type           Power        Failure   Level  Hunger
 Animate Skeleton         Necr           N/A          1%          1    None
 Apportation              Tloc           #####.       1%          1    None
 Gell's Gravitas          Tloc           #####.....   1%          3    None
 Lesser Beckoning         Tloc           #####.....   1%          3    None


Dungeon Overview and Level Annotations

Branches:
Dungeon (10/15)            Temple (0/1) D:7            Lair (0/6) D:10
    Orc (0/2) D:9

Altars:
Ashenzari
Okawaru
Xom

Shops:
D:10 [


Innate Abilities, Weirdness & Mutations

Your experience applies equally to all skills.
You have very sharp teeth.
Your uncanny sense of smell can sniff out nearby items.
You have large cloven feet.
You have supernaturally acute eyesight. (SInv)
You are very clumsy. (Dex -4)
Your body sometimes deteriorates upon taking damage.


Message History

You destroy the plant!
The fiery explosion engulfs the yak!!
The yak is severely wounded.
The fiery explosion engulfs the plant!
The plant is moderately damaged.
The fiery explosion engulfs the yak!!
The yak is severely wounded.
The fiery explosion engulfs the yak!!
The yak explodes!
The fiery explosion engulfs you!!
The fiery explosion engulfs the yak!!
The yak is heavily wounded.
The fiery explosion engulfs the yak!!
The yak explodes!
The fiery explosion engulfs the yak!!!
The yak explodes!
The fiery explosion engulfs the yak!
The yak is heavily wounded.
The fiery explosion engulfs you!!!
You die...
Xom chortles!

#........##.......(
###.........##.......
###.%.........##.......
##.##...................
............#.##.....#..
..P.........#.##.∩.....#
..P.%§§Y§......#.......#
...§P§§§........#....#..
..P§§§§@§.#....###...#..
..PP§§§Y.......##....#..
..P.P§P......$..#.##..#.
.%.P.P....%..........##.
...P.PP....%............
.P..P........†.....#....
P.PP..P.P..###..........
r.P.P.P.P.## ##.........
PPP.....#####........


You could see 2 yaks and a porcupine (inner flame).

Vanquished Creatures
  2 trolls
  3 hippogriffs
  Prince Ribbit (D:9)
  8 yaks
  A wyvern (D:9)
  3 hogs (D:9)
  A human (D:9)
  Menkaure (D:7)
  A porcupine (D:10)
  An ice beast (D:9)
  A black bear (D:10)
  2 sky beasts
  A necrophage (D:7)
  6 ogres
  3 centaurs
  A crocodile (D:10)
  6 bullfrogs
  4 scorpions
  A killer bee (D:9)
  A water moccasin skeleton (D:8)
  3 wights (D:8)
  2 howler monkeys (D:9)
  A crimson imp (D:8)
  A quasit (D:7)
  A hound (D:9)
  A centaur skeleton (D:6)
  2 bullfrog skeletons
  An orc priest (D:8)
  2 jellies
  An iguana (D:6)
  6 orc wizards
  4 worker ants
  2 hound zombies (D:9)
  A hound skeleton (D:6)
  7 gnolls
  A howler monkey skeleton (D:6)
  5 adders
  2 shadow imps
  An ooze (D:3)
  An adder zombie (D:8)
  5 worms
  2 dart slugs (D:2)
  4 leopard geckos
  21 orcs
  5 giant cockroaches
  9 goblins
  6 hobgoblins
  19 jackals
  2 quokkas (D:9)
  A ball python (D:1)
  5 bats
  6 frilled lizards
  A jackal skeleton (D:6)
  2 kobolds
  A leopard gecko skeleton (D:7)
  12 rats
  A fungus (D:10)
  A plant (D:10)
196 creatures vanquished.

Vanquished Creatures (collateral kills)
  A two-headed ogre (D:10)
  A hog (D:9)
  A porcupine (D:10)
  A crocodile (D:9)
  A jackal (D:9)
5 creatures vanquished.

Vanquished Creatures (others)
  An orc priest (D:6)
  28 fungi (D:10)
  20 plants (D:10)
49 creatures vanquished.

Grand Total: 250 creatures vanquished

Notes
Turn   | Place    | Note
-------+----------+-------------------------------------------
     0 | D:1      | Emblim88 the Gnoll Warper began the quest for the Orb.
     0 | D:1      | Reached XP level 1. HP: 20/20 MP: 6/6
   137 | D:1      | Reached XP level 2. HP: 16/26 MP: 7/7
   588 | D:1      | Reached skill level 5 in Spellcasting
   588 | D:1      | Reached XP level 3. HP: 3/31 MP: 7/9
   861 | D:1      | Learned a level 2 spell: Blink
   864 | D:1      | Learned a level 2 spell: Shroud of Golubria
  1294 | D:2      | Reached skill level 1 in Invocations
  1480 | D:2      | Gained mutation: You are clumsy. (Dex -2) [potion of
                  | mutation]
  1480 | D:2      | Gained mutation: You have supernaturally acute eyesight.
                  | (SInv) [potion of mutation]
  1480 | D:2      | Gained mutation: You have large cloven feet. [potion of
                  | mutation]
  1487 | D:2      | Reached skill level 1 in Short Blades
  1487 | D:2      | Reached skill level 1 in Axes
  1487 | D:2      | Reached skill level 1 in Maces & Flails
  1487 | D:2      | Reached skill level 1 in Polearms
  1487 | D:2      | Reached skill level 1 in Staves
  1487 | D:2      | Reached skill level 1 in Slings
  1487 | D:2      | Reached skill level 1 in Bows
  1487 | D:2      | Reached skill level 1 in Crossbows
  1487 | D:2      | Reached skill level 1 in Stealth
  1487 | D:2      | Reached skill level 1 in Shields
  1487 | D:2      | Reached skill level 1 in Unarmed Combat
  1487 | D:2      | Reached skill level 1 in Evocations
  1491 | D:2      | HP: 1/31 [poisoned by an adder]
  1703 | D:2      | Reached XP level 4. HP: 34/38 MP: 11/11
  2141 | D:2      | Reached skill level 1 in Conjurations
  2141 | D:2      | Reached skill level 1 in Hexes
  2141 | D:2      | Reached skill level 1 in Charms
  2141 | D:2      | Reached skill level 1 in Summonings
  2141 | D:2      | Reached skill level 1 in Necromancy
  2141 | D:2      | Reached skill level 1 in Transmutations
  2141 | D:2      | Reached skill level 1 in Fire Magic
  2141 | D:2      | Reached skill level 1 in Ice Magic
  2141 | D:2      | Reached skill level 1 in Air Magic
  2141 | D:2      | Reached skill level 1 in Earth Magic
  2141 | D:2      | Reached skill level 1 in Poison Magic
  2206 | D:2      | Learned a level 3 spell: Teleport Other
  2211 | D:2      | Learned a level 4 spell: Passage of Golubria
  2547 | D:3      | Reached XP level 5. HP: 16/43 MP: 10/12
  3438 | D:4      | Found a shimmering altar of Xom.
  3982 | D:4      | Became a worshipper of Xom of Enforced Whimsey
  4017 | D:5      | Entered Level 5 of the Dungeon
  4061 | D:5      | Found a sand-covered staircase.
  4203 | D:5      | XOM: butterfly on damage
  4270 | D:5      | Noticed an ogre
  4274 | D:5      | Killed an ogre
  4274 | D:5      | Reached XP level 6. HP: 6/50 MP: 13/13
  4532 | D:5      | XOM: harmless Summ miscast
  4564 | D:5      | XOM: harmless Fire miscast
  4572 | D:5      | XOM: silly message
  4823 | D:5      | XOM: harmless Necr miscast
  4913 | D:5      | XOM: noise
  4946 | D:5      | XOM: noise
  4951 | D:5      | Reached skill level 5 in Fighting
  4951 | D:5      | Reached skill level 5 in Long Blades
  4951 | D:5      | Reached skill level 5 in Dodging
  5187 | D:6      | XOM: 2-stop teleportation journey
  5192 | D:6      | XOM: potion effect (invisibility)
  5196 | D:6      | Reached XP level 7. HP: 50/56 MP: 15/15
  5495 | D:6      | XOM: scenery: 1 doors close
  5496 | D:6      | XOM: god gift: potion of agility
  5663 | D:6      | Reached XP level 8. HP: 62/63 MP: 13/16
  5896 | D:7      | Learned a level 1 spell: Confusing Touch
  5901 | D:7      | Noticed Menkaure
  5908 | D:7      | HP: 3/63 [Menkaure (10)]
  5918 | D:7      | XOM: cloud trail
  6538 | D:7      | Found a staircase to the Ecumenical Temple.
  6582 | D:7      | XOM: confusion
  6654 | D:7      | Found an iron altar of Okawaru.
  6662 | D:7      | XOM: draining
  6772 | D:7      | XOM: 9-stop teleportation journey
  6921 | D:7      | XOM: enchant monster (bad)
  6924 | D:7      | XOM: noise
  6930 | D:7      | Killed Menkaure
  7624 | D:8      | Noticed a tengu conjurer
  7628 | D:8      | XOM: harmless Necr miscast
  7636 | D:8      | Reached XP level 9. HP: 61/68 MP: 18/18
  7886 | D:8      | Noticed a troll
  7890 | D:8      | XOM: confusion
  7907 | D:7      | Killed a troll
  8177 | D:8      | XOM: 1-stop teleportation journey
  8180 | D:8      | XOM: summons friendly ufetubus
  8189 | D:8      | HP: 3/69 [wight/+2 spear of freezing (2)]
  8245 | D:8      | XOM: silly message
  8282 | D:8      | XOM: harmless Pois miscast
  8369 | D:8      | XOM: harmless Chrm miscast
  8418 | D:8      | XOM: divination: detect creatures
  8431 | D:8      | XOM: divination: detect items
  8433 | D:8      | Reached skill level 5 in Throwing
  8433 | D:8      | Reached skill level 5 in Armour
  8629 | D:9      | Found a shattered altar of Ashenzari.
  8766 | D:9      | Noticed a troll
  8779 | D:9      | Killed a troll
  8795 | D:9      | XOM: silly message
  8884 | D:9      | Found a staircase to the Orcish Mines.
  8889 | D:9      | XOM: silly message
  8936 | D:9      | XOM: harmless Tmut miscast
  9055 | D:9      | Reached skill level 5 in Invocations
  9097 | D:9      | XOM: confuse monster(s)
  9103 | D:9      | Reached XP level 10. HP: 62/77 MP: 17/20
  9185 | D:9      | XOM: harmless Ice miscast
  9282 | D:9      | XOM: cast spell 'Summon Small Mammal'
  9285 | D:9      | Reached skill level 5 in Short Blades
  9285 | D:9      | Reached skill level 5 in Axes
  9285 | D:9      | Reached skill level 5 in Maces & Flails
  9285 | D:9      | Reached skill level 5 in Polearms
  9285 | D:9      | Reached skill level 5 in Staves
  9285 | D:9      | Reached skill level 5 in Slings
  9285 | D:9      | Reached skill level 5 in Bows
  9285 | D:9      | Reached skill level 5 in Crossbows
  9285 | D:9      | Reached skill level 5 in Stealth
  9285 | D:9      | Reached skill level 5 in Shields
  9285 | D:9      | Reached skill level 5 in Unarmed Combat
  9285 | D:9      | Reached skill level 5 in Evocations
  9287 | D:9      | XOM: cleaving
  9291 | D:9      | XOM: fake destruction
  9293 | D:9      | XOM: summons 8 friendly demons
  9959 | D:9      | XOM: summons 5 friendly demons
 10122 | D:9      | XOM: chaos cloud
 10177 | D:9      | XOM: silly message
 10179 | D:9      | Noticed Prince Ribbit
 10185 | D:9      | XOM: potion effect (haste)
 10189 | D:9      | Killed Prince Ribbit
 10207 | D:9      | XOM: give mutations
 10207 | D:9      | Gained mutation: Your body sometimes deteriorates upon
                  | taking damage. [Xom's mischief]
 10207 | D:9      | Gained mutation: You are very clumsy. (Dex -4) [Xom's
                  | mischief]
 10255 | D:9      | Learned a level 1 spell: Summon Small Mammal
 10278 | D:10     | Entered Level 10 of the Dungeon
 10278 | D:10     | Noticed a two-headed ogre
 10282 | D:10     | XOM: summons 5 friendly demons
 10289 | D:10     | Killed a two-headed ogre
 10302 | D:10     | Found Haleoriz's Armour Boutique.
 10345 | D:10     | XOM: summons 5 hostile demons
 10396 | D:10     | XOM: polymorph crocodile -> black bear
 10513 | D:10     | Found a staircase to the Lair.
 10525 | D:10     | Reached XP level 11. HP: 61/84 MP: 19/22
 10525 | D:10     | Killed from afar by a yak

Skill      XL: |  1  2  3  4  5  6  7  8  9 10 |
---------------+-------------------------------+-----
Spellcasting   | 5 6 7 |  7.7
Invocations    | 1 2 3 4 5 6 |  6.3
Short Blades   | 1 2 3 4 5 |  5.7
Axes           | 1 2 3 4 5 |  5.7
Maces & Flails | 1 2 3 4 5 |  5.7
Polearms       | 1 2 3 4 5 |  5.7
Staves         | 1 2 3 4 5 |  5.7
Slings         | 1 2 3 4 5 |  5.7
Bows           | 1 2 3 4 5 |  5.7
Crossbows      | 1 2 3 4 5 |  5.7
Stealth        | 1 2 3 4 5 |  5.7
Shields        | 1 2 3 4 5 |  5.7
Unarmed Combat | 1 2 3 4 5 |  5.7
Evocations     | 1 2 3 4 5 |  5.7
Conjurations   | 1 2 3 4 |  4.7
Hexes          | 1 2 3 4 |  4.7
Charms         | 1 2 3 4 |  4.7
Summonings     | 1 2 3 4 |  4.7
Necromancy     | 1 2 3 4 |  4.7
Transmutations | 1 2 3 4 |  4.7
Fire Magic     | 1 2 3 4 |  4.7
Ice Magic      | 1 2 3 4 |  4.7
Air Magic      | 1 2 3 4 |  4.7
Earth Magic    | 1 2 3 4 |  4.7
Poison Magic   | 1 2 3 4 |  4.7
Throwing       | 3 4 5 6 |  6.3
Armour         | 3 4 5 6 |  6.3
Fighting       | 5 6 7 |  7.4
Long Blades    | 5 6 7 |  7.4
Dodging        | 5 6 7 |  7.4
Translocations | 6 7 |  7.3

Action                   |  1- 3 |  4- 6 |  7- 9 | 10-12 || total
-------------------------+-------+-------+-------+-------++-------
Melee: Falchion          |   106 |       |       |       ||   106
       Bite              |    12 |    13 |    31 |    24 ||    80
       Kick              |     3 |     5 |       |       ||     8
       Short sword       |     2 |    91 |       |       ||    93
       Punch             |       |     1 |     7 |     6 ||    14
       Spear             |       |    17 |       |       ||    17
       Long sword        |       |    49 |   302 |   190 ||   541
 Cast: Shroud of Golubri |       |     3 |    14 |    10 ||    27
       Confusing Touch   |       |       |     2 |       ||     2
       Summon Small Mamm |       |       |       |    13 ||    13
  Use: Potion            |     4 |     6 |     6 |       ||    16
       Scroll            |     3 |     5 |     9 |     2 ||    19
 Stab: Sleeping          |     2 |     4 |     4 |     3 ||    13
       Invisible         |       |     1 |     3 |       ||     4
       Confused          |       |       |     2 |       ||     2
  Eat: Chunk             |     2 |     5 |     2 |     2 ||    11
       Ration            |       |     2 |     3 |     1 ||     6
Armor: Leather armour    |    16 |    24 |    52 |       ||    92
       Skin              |       |       |     2 |       ||     2
       Troll leather arm |       |       |    35 |    73 ||   108
Dodge: Dodged            |    81 |   104 |   288 |   193 ||   666
       Rpst.: Falchion   |    27 |       |       |       ||    27
       Long sword        |       |     8 |    78 |    58 ||   144
